[Event "Baku Open 2024"]
[Site "Baku"]
[Date "2024.07.07"]
[Round "9.1"]
[White "Puranik, Abhimanyu"]
[Black "Aditya Mittal"]
[Result "1/2-1/2"]
[ECO "B56"]
[WhiteElo "2632"]
[BlackElo "2595"]
[Annotator "TA"]
[PlyCount "39"]
[EventDate "2024.06.29"]
[EventType "swiss"]
[EventCountry "AZE"]
[SourceTitle "playchess.com"]
[Source "ChessBase"]
[SourceQuality "1"]
[TimeControl "5400+30"]

1. e4 c5 2. Nf3 d6 3. d4 cxd4 4. Nxd4 Nf6 5. Nc3 e5 6. Bb5+ Nbd7 7. Nf5 a6 8. Ba4 (8. Nxd6+ $2 {loses.} Bxd6 9. Qxd6 axb5 $19) 8... b5 9. Bb3 Nc5 10. Bg5 Bxf5 {[%emt 0:00:04] White is slightly better.} 11. exf5 Be7 12. Bxf6 Bxf6 13. O-O O-O 14. Re1 e4 {[%emt 0:04:02] The position is equal.} 15. Nxe4 Nxe4 16. Rxe4 Bxb2 {[%emt 0:00:05] Black is weak on the light squares} 17. Rb1 Qf6 18. Qh5 Bc3 19. g3 Rae8 20. Rxe8 {[%emt 0:06:33] Weighted Error Value: White=0.08 (flawless) /Black=0.04 (flawless) .  Inaccurate:     	White=1     	Black=1      OK:         	White=4     	Black=6} (20. Rh4 $5 h6 $8 21. Qg6 $14) 1/2-1/2

[Event "Baku Open 2024"]
[Site "Baku"]
[Date "2024.07.07"]
[Round "9.2"]
[White "Assaubayeva, Bibisara"]
[Black "Movahed, Sina"]
[Result "1/2-1/2"]
[ECO "D31"]
[WhiteElo "2472"]
[BlackElo "2482"]
[Annotator "TA"]
[PlyCount "48"]
[EventDate "2024.06.29"]
[EventType "swiss"]
[EventCountry "AZE"]
[SourceTitle "playchess.com"]
[Source "ChessBase"]
[SourceQuality "1"]
[TimeControl "5400+30"]

1. c4 e6 2. Nc3 d5 3. d4 c6 4. e4 dxe4 5. Nxe4 Bb4+ 6. Nc3 Nf6 7. Nf3 O-O 8. a3 Bxc3+ 9. bxc3 {[%emt 0:00:18] White has an edge.} Qa5 10. Be2 Nbd7 11. O-O e5 12. Qc2 {[%emt 0:03:48] Inhibits Ne4.} Re8 13. c5 (13. a4 $14) 13... b6 $11 14. cxb6 axb6 15. Bb2 e4 16. Nd2 Qg5 17. Nc4 (17. f3 $11) 17... Ba6 18. Bc1 Qg6 19. Ne3 Bd3 20. Bxd3 {[%emt 0:05:35] The position is equal.} exd3 21. Qb1 Nd5 22. Nxd5 cxd5 {[%emt 0:00:07] White is weak on the light squares} 23. Be3 ({Much weaker is} 23. Rd1 Rac8 24. Be3 Rxc3 $17) 23... Rec8 24. Bd2 Nf6 {[%emt 0:09:18] Weighted Error Value: White=0.10 (very precise) /Black=0.06 (flawless) .  Mistake:       	White=2     	---        Inaccurate:     	White=1     	---        OK:         	White=11    	Black=7} 1/2-1/2

[Event "Baku Open 2024"]
[Site "Baku"]
[Date "2024.07.07"]
[Round "9.3"]
[White "Mamedov, Rauf"]
[Black "Narayanan S L"]
[Result "1/2-1/2"]
[ECO "C67"]
[WhiteElo "2651"]
[BlackElo "2668"]
[Annotator "TA"]
[PlyCount "23"]
[EventDate "2024.06.29"]
[EventType "swiss"]
[EventCountry "AZE"]
[SourceTitle "playchess.com"]
[Source "ChessBase"]
[SourceQuality "1"]
[TimeControl "5400+30"]

1. e4 e5 2. Nf3 Nc6 3. Bb5 Nf6 4. O-O Nxe4 5. d4 Nd6 6. dxe5 Nxb5 7. a4 Nbd4 8. Nxd4 Nxd4 9. Qxd4 d5 10. exd6 {[%emt 0:00:01] The position is equal.} Qxd6 11. Qe4+ Qe6 12. Qd4 {[%emt 0:00:03] Not much happened in this game.   OK:         	White=2     	Black=1} 1/2-1/2

[Event "Baku Open 2024"]
[Site "Baku"]
[Date "2024.07.07"]
[Round "9.4"]
[White "Manafov, Vugar"]
[Black "Suleymanli, Aydin"]
[Result "1/2-1/2"]
[ECO "D35"]
[WhiteElo "2430"]
[BlackElo "2626"]
[Annotator "TA"]
[PlyCount "91"]
[EventDate "2024.06.29"]
[EventType "swiss"]
[EventCountry "AZE"]
[SourceTitle "playchess.com"]
[Source "ChessBase"]
[SourceQuality "1"]
[TimeControl "5400+30"]

1. d4 Nf6 2. Nf3 d5 3. c4 e6 4. Nc3 Nbd7 5. cxd5 exd5 6. Bf4 Nb6 7. e3 Bf5 {[%emt 0:00:06] Prevents Qc2.} 8. Bd3 Bxd3 9. Qxd3 c6 10. O-O Be7 11. h3 O-O 12. e4 (12. Nd2 $11 {is more appropriate.}) 12... dxe4 13. Nxe4 Nxe4 14. Qxe4 Re8 15. Qc2 Nd5 16. Be5 Qd7 17. a3 f6 18. Bh2 Bd8 19. Rfe1 Bb6 20. Kf1 g5 21. Qd3 Ne7 (21... Kg7 {with more complications.} 22. h4 h6 23. h5 Qf7) 22. Re4 Nf5 23. Rae1 Rxe4 24. Rxe4 Rd8 25. h4 Nxd4 ({Inferior is} 25... Bxd4 26. g4 $16 (26. hxg5 Bxb2 27. Qb3+ Qd5 $14)) (25... Nxh4 $15 26. Nxh4 gxh4) 26. Nxd4 $11 Bxd4 27. hxg5 (27. Bc7 $1 $11 {keeps the balance.} Qxc7 28. Rxd4 Rxd4 29. Qxd4) 27... Bxb2 $17 ({Of course not} 27... fxg5 28. Bc7 Qxc7 29. Rxd4 Rxd4 30. Qxd4 $11) 28. Qb3+ Qd5 29. Rb4 {[%emt 0:00:29] Strongly threatening Qxd5+.} Bxa3 30. Rxb7 {[%emt 0:04:22] [#]} fxg5 $1 {[%emt 0:01:22][%cal Oa7a5] ...a5! is the strong threat.} 31. Qxd5+ Rxd5 (31... cxd5 {simplifies} 32. Rxa7 Bf8 33. Rb7 h5) 32. Rxa7 Bd6 {[%emt 0:06:26] The position is equal.} 33. Bxd6 Rxd6 $11 {[%emt 0:00:07][%mdl 4096] Endgame. KR-KR} 34. Ke2 h6 35. Rc7 Kf8 36. Ke3 Re6+ 37. Kd4 g4 38. Kc5 Re2 39. Rxc6 Rxf2 {[%emt 0:03:05] [#] ...Rc2+ would now be deadly.} 40. Rxh6 Kg7 41. Rh4 Rxg2 42. Kd4 Kg6 (42... Kf6 $5 43. Ke3 $8 Kg5 $11) 43. Ke3 Kg5 44. Rh8 Ra2 45. Rh7 Rb2 (45... g3 $5 46. Kf3 $8 Ra8 $11) 46. Rh8 {[%emt 0:00:12] Weighted Error Value: White=0.09 (flawless) /Black=0.07 (flawless) .  Mistake:       	White=2     	Black=1      Inaccurate:     	White=1     	Black=2      OK:         	White=13    	Black=12     Best:        	White=3     	Black=3} 1/2-1/2

[Event "Baku Open 2024"]
[Site "Baku"]
[Date "2024.07.07"]
[Round "9.5"]
[White "Abasov, Nijat"]
[Black "Ahmadzada, Ahmad"]
[Result "1/2-1/2"]
[ECO "A17"]
[WhiteElo "2621"]
[BlackElo "2481"]
[Annotator "TA"]
[PlyCount "43"]
[EventDate "2024.06.29"]
[EventType "swiss"]
[EventCountry "AZE"]
[SourceTitle "playchess.com"]
[Source "ChessBase"]
[SourceQuality "1"]
[TimeControl "5400+30"]

1. Nf3 Nf6 2. c4 e6 3. Nc3 d5 4. e3 Nbd7 5. b3 Be7 6. Bb2 O-O 7. Qc2 c5 8. cxd5 exd5 9. d4 b6 10. Be2 Bb7 11. O-O Rc8 12. dxc5 bxc5 13. Rfd1 Bd6 14. Qf5 (14. Ng5 $5 h6 15. Nge4 $11) 14... Qe7 15. Rd2 Qe6 16. Qg5 ({White should try} 16. Qxe6 $11 fxe6 17. Ba3) 16... Be7 ({Better is} 16... h6 $15 17. Qh4 Rfd8) 17. Qf4 $11 {[%emt 0:03:58] The position is equal.} h6 18. Rad1 Bd6 19. Qh4 Be7 {[%emt 0:03:46] White must now prevent ...Ne4.} 20. Qf4 Bd6 (20... Nh5 $5 21. Qa4 $8 a6 $11) 21. Qh4 Be7 {[%emt 0:00:11] aiming for ...Ne4.} 22. Qf4 {[%emt 0:00:39] Not much happened in this game.   Weighted Error Value: White=0.13 (very precise) /Black=0.12 (very precise) .  Mistake:       	White=1     	Black=1      OK:         	White=8     	Black=5} 1/2-1/2

[Event "Baku Open 2024"]
[Site "Baku"]
[Date "2024.07.07"]
[Round "9.6"]
[White "Muradli, Mahammad"]
[Black "Shuvalova, Polina"]
[Result "0-1"]
[ECO "D35"]
[WhiteElo "2575"]
[BlackElo "2467"]
[Annotator "TA"]
[PlyCount "120"]
[EventDate "2024.06.29"]
[EventType "swiss"]
[EventCountry "AZE"]
[SourceTitle "playchess.com"]
[Source "ChessBase"]
[SourceQuality "1"]
[TimeControl "5400+30"]

1. d4 Nf6 2. c4 e6 3. Nf3 d5 4. Nc3 Be7 5. cxd5 exd5 6. Bf4 c6 7. e3 Nh5 8. h3 Nxf4 9. exf4 Bd6 {[%emt 0:01:46] The position is equal.} 10. g3 O-O 11. Bd3 Nd7 12. Kf1 Nf6 13. Kg2 g6 14. Qd2 Nh5 15. Rae1 Qf6 16. Ne5 Be6 17. Ne2 Rae8 18. a3 Bc8 19. b4 Ng7 20. Ng1 ({White should play} 20. b5) 20... Bf5 ({Black should try} 20... Qd8) 21. Ngf3 Qd8 22. Ng4 Bxd3 (22... Rxe1 $11 {is superior.} 23. Rxe1 Kh8) 23. Nh6+ {[%emt 0:07:00] A dynamic duo of knights.} ({Better is} 23. Rxe8 $14 Rxe8 24. Qxd3) 23... Kh8 $11 24. Qxd3 (24. Rxe8 {simplifies} Nxe8 25. Qxd3 f5 26. Ng4) 24... f5 $1 25. Ng5 {[%emt 0:06:24] Repels Ne6} Qf6 {[%emt 0:07:28] Prevents Ngf7+.} (25... Qd7 $1 $15) 26. b5 Ne6 27. Rxe6 $2 (27. bxc6 $1 $11 Kg7 28. Nxf5+ gxf5 29. Nxe6+ Rxe6 30. cxb7) 27... Rxe6 $19 28. h4 {[%emt 0:00:36] [#]} Kg7 $1 29. h5 {[%emt 0:00:13] aiming for hxg6.} Kxh6 30. hxg6+ Kxg6 31. Nxh7 Qe7 {[%emt 0:04:24] Threatens to win with ...Rg8.} 32. Nxf8+ Qxf8 33. bxc6 bxc6 34. Qd1 Kf6 (34... Bxa3 $2 35. Qh5+ Kf6 36. Qg5+ Kf7 37. Qxf5+ Rf6 38. Rh7+ (38. Qd7+ Be7 $18) 38... Kg8 39. Qh5 $18) 35. Rh5 Ke7 (35... Bxa3 $6 36. Qh1 Ke7 37. Rh7+ Kd6 38. Qa1 $11) 36. Rh7+ Kd8 {[%emt 0:00:38] ...Re7 is the strong threat.} 37. Rxa7 {[%emt 0:00:34] [#]} Bb8 $1 (37... Bxa3 $2 38. Ra8+ Kc7 39. Rxf8 Bxf8 40. Qh5 $18) 38. Rb7 Kc8 (38... Bc7 $19 39. Qa4 Qe7 40. Qa8+ Kd7) 39. Qb1 Bc7 40. a4 {[%emt 0:01:14][%cal Oa4a5] [#]} Re4 (40... Re8 $1 $17 {...Qe7 would now be deadly.} 41. Ra7 Kd7) 41. a5 $11 Qa3 $2 (41... Bxa5 42. Rb8+ Kd7 43. Qb7+ (43. Rxf8 Re8 44. Qb7+ Bc7 45. Rxe8 Kxe8 46. Qxc7 Kf8 47. g4 fxg4 48. f5 Kg8 49. f6 Kf8 50. Qg7+ Ke8 51. Qe7#) 43... Bc7 44. Rxf8 Re8 45. Rxe8 (45. Rxf5 Re7 46. Rf6 Re6 47. Rxe6 Kxe6 48. Qxc7 Kf6 49. g4 Kg6 50. Kf3 Kf6 51. g5+ Ke6 52. Kg4 c5 53. f5#) 45... Kxe8 46. Qxc7) (41... Rxd4 $2 42. a6 (42. Rxc7+ Kxc7 43. Qb6+ Kd6 $18) 42... Qd6 43. Qa1 $18 (43. Qxf5+ Qd7 $18)) (41... Kd7 $11 {and Black has nothing to worry.}) 42. Ra7 $18 Kd7 43. a6 $2 (43. Qb7 $18 Qd6 44. Ra8) 43... Qa5 $11 44. Ra8 {[%emt 0:01:56][%mdl 1024] Hoping for Qb7. White has compensation.} Qe1 (44... Rxd4 $2 45. Qxf5+ Kd6 46. Qf8+ Kd7 47. Qg7+ Kd6 48. Qxd4 $18) 45. Qb7 {[%emt 0:00:25] White wants to mate with Rc8.} (45. Qc2 $5 Qe2 $8 (45... Rxd4 $2 46. Qxf5+ Qe6 47. Qxe6+ Kxe6 48. a7 $18) 46. Qb1 $11) 45... Re7 $1 {[%emt 0:00:41] And now ...Qe4+ would win.} 46. Rh8 {[%emt 0:00:24] White threatens a7 and mate.} (46. a7 $5 Qe4+ $8 47. Kg1 Qe1+ 48. Kg2 Qe4+ 49. Kg1 Qe1+ 50. Kg2 $11) 46... Qe4+ 47. Kh2 $2 (47. Kf1 $11 Qd3+ (47... Qxd4 48. Rd8+ Kxd8 49. a7 $11) 48. Kg2 Qe4+ 49. Kf1 Qxd4 50. Rd8+ (50. Qc8+ $2 Kd6 $19) 50... Kxd8 51. a7 Re1+ 52. Kxe1 Qe4+ 53. Kf1 Qh1+ 54. Ke2 Qe4+ 55. Kf1 Qh1+ 56. Ke2 Qe4+ 57. Kf1) 47... Qxd4 $19 48. Qc8+ Kd6 49. Kg2 Qe4+ 50. Kh2 Qd4 $2 (50... Qf3 $19 51. Rh6+ Kc5 52. Qxf5 Qxf2+ 53. Kh3 Re3) 51. Rh6+ $2 (51. Kg2 $11 Kc5 52. Rh2 (52. a7 $2 Re2 $19) 52... Qe4+ 53. Kg1) 51... Kc5 52. Kg2 {[%emt 0:00:30] [#]} Re2 $1 53. Qf8+ (53. Kh3 Qxf2) 53... Kb5 {[%emt 0:00:07] Black is clearly winning.} 54. Qxf5 Qxf2+ 55. Kh3 Qh2+ (55... Kxa6 56. Rxc6+ Bb6 57. Qxd5 $11) 56. Kg4 Qxh6 57. Qd3+ Kb6 58. Qxe2 Qg6+ 59. Kh3 Qf5+ 60. Kg2 Bd6 {[%emt 0:00:50] Weighted Error Value: White=0.61/Black=0.33.  Loses game:     	White=2     	Black=1      Missed win:     	White=1     	---        Mistake:       	White=2     	Black=5      Inaccurate:     	White=3     	Black=1      OK:         	White=19    	Black=10     Best:        	White=4     	Black=6      Strong:       	---       	Black=4} 0-1

[Event "Baku Open 2024"]
[Site "Baku"]
[Date "2024.07.07"]
[Round "9.7"]
[White "Babazada, Khazar"]
[Black "Asadli, Vugar"]
[Result "0-1"]
[ECO "C77"]
[WhiteElo "2468"]
[BlackElo "2560"]
[Annotator "TA"]
[PlyCount "78"]
[EventDate "2024.06.29"]
[EventType "swiss"]
[EventCountry "AZE"]
[SourceTitle "playchess.com"]
[Source "ChessBase"]
[SourceQuality "1"]
[TimeControl "5400+30"]

1. e4 e5 2. Nf3 Nc6 3. Bb5 a6 4. Ba4 Nf6 5. d3 d6 6. c3 g6 7. O-O Bg7 8. Re1 O-O 9. Nbd2 h6 10. h3 Re8 11. Nf1 b5 {[%emt 0:07:42] The position is equal.} 12. Bb3 Na5 13. Bc2 c5 14. Ng3 d5 15. a4 b4 16. cxb4 cxb4 17. d4 Bb7 18. Nxe5 dxe4 19. Bf4 Rc8 20. Rc1 Nd5 21. Bd2 Nc4 {[%emt 0:04:55] And now ...e3 would win.} 22. Nxc4 Rxc4 23. Rxe4 Rxe4 24. Bxe4 Rxd4 {[%emt 0:01:48][%cal Od5b6] Strongly threatening ...Nb6!} 25. Qe2 h5 $36 {[%emt 0:04:05][%mdl 2048] Black has some pressure.} 26. Be3 {[%emt 0:05:17] [#]} (26. Bf3 $15) 26... Rxe4 $1 $17 27. Nxe4 {[%emt 0:02:22] aiming for Qd2.} Nxe3 28. Qxe3 {[%emt 0:00:04] [#] Hoping for Qd2.} Qd5 29. Re1 {[%emt 0:00:03] [#]} (29. Rc5 $142 Qxe4 30. Qxe4 Bxe4 31. Rc4) 29... f5 $1 (29... Bxb2 30. Qd2 Qxd2 31. Nxd2 $16) 30. Qg3 fxe4 31. Qxg6 Kf8 32. Rc1 $2 {[%emt 0:03:42] This move loses the game for White.} (32. f3 $17 Bd4+ (32... exf3 33. Qe8#) (32... Bxb2 33. fxe4 Qd4+ 34. Kh1 $17) 33. Kh1) 32... Bxb2 $19 {[%emt 0:04:27] This pair of bishops is nice.} 33. Qh6+ Bg7 34. Qf4+ Kg8 {[%emt 0:01:10][%cal Oe4e3] White must now prevent ...e3!} 35. Rc7 $2 {[%emt 0:00:08] [#]} (35. Qb8+ Bf8 36. Qe8) 35... e3 $1 36. Qg3 (36. f3 e2) 36... exf2+ 37. Kxf2 Qd2+ 38. Kg1 Qd4+ 39. Kh2 h4 {[%emt 0:00:43] Weighted Error Value: White=0.94/Black=0.06 (flawless) .  Loses game:     	White=1     	---        Mistake:       	White=3     	---        Inaccurate:     	White=2     	---        OK:         	White=9     	Black=14     Best:        	White=1     	Black=4      Strong:       	---       	Black=1      Brilliant:      	---       	Black=1} 0-1

[Event "Baku Open 2024"]
[Site "Baku"]
[Date "2024.07.07"]
[Round "9.8"]
[White "Zverev, Lev"]
[Black "Samadov, Read"]
[Result "0-1"]
[ECO "B81"]
[WhiteElo "2416"]
[BlackElo "2503"]
[Annotator "TA"]
[PlyCount "60"]
[EventDate "2024.06.29"]
[EventType "swiss"]
[EventCountry "AZE"]
[SourceTitle "playchess.com"]
[Source "ChessBase"]
[SourceQuality "1"]
[TimeControl "5400+30"]

1. e4 c5 2. Nf3 d6 3. d4 cxd4 4. Nxd4 Nf6 5. Nc3 a6 6. h3 e6 7. g4 h6 8. Bg2 Be7 9. h4 Nc6 10. g5 hxg5 {[%emt 0:00:51] The position is equal.} 11. hxg5 Rxh1+ 12. Bxh1 {[%emt 0:00:06] [#] Threatens to win with Nxc6.} Nh7 13. g6 fxg6 14. Nxc6 bxc6 15. Qd3 e5 16. Bd2 Be6 17. O-O-O Nf6 18. f4 Qb6 19. fxe5 dxe5 20. Qg3 Ng4 21. Qh3 {[%emt 0:07:34] [#]} (21. Bf3 $11 {keeps the balance.} Rb8 (21... Qf2 22. Qh3 $11) 22. Na4) 21... Qf2 $40 {[%emt 0:03:37][%mdl 128] White needs to defend precisely. Black is much more active.} ({Better is} 21... Rd8 $1 $17 {[%cal Od8d2] next ...Rxd2! is good for Black.} 22. Qg2 Qd4) 22. Qh8+ Qf8 23. Qh3 {[%emt 0:00:50] Hoping for Bf3.} Qf2 24. Qh8+ (24. Bf3 {simplifies} Qh2 25. Qxh2 Nxh2 26. Be2) 24... Bf8 {[%emt 0:05:33] aiming for ...Ne3.} 25. Bg5 {[%emt 0:04:47][%mdl 8192] This move loses the game for White.} (25. Qh3 $1 $11) 25... Ne3 $19 {[%emt 0:01:41] Black has a decisive advantage.} 26. Bxe3 Qxe3+ 27. Kb1 Qh6 28. Qxh6 gxh6 29. Bf3 Rd8 30. Rg1 Kf7 {[%emt 0:00:31] Weighted Error Value: White=0.27 (precise) /Black=0.13 (very precise) .  Loses game:     	White=1     	---        Mistake:       	White=1     	Black=1      OK:         	White=8     	Black=13     Best:        	White=2     	Black=1} 0-1

[Event "Baku Open 2024"]
[Site "Baku"]
[Date "2024.07.07"]
[Round "9.9"]
[White "Yeletsky, Ivan"]
[Black "Ilamparthi A R"]
[Result "0-1"]
[ECO "E06"]
[WhiteElo "2498"]
[BlackElo "2446"]
[Annotator "TA"]
[PlyCount "80"]
[EventDate "2024.06.29"]
[EventType "swiss"]
[EventCountry "AZE"]
[SourceTitle "playchess.com"]
[Source "ChessBase"]
[SourceQuality "1"]
[TimeControl "5400+30"]

1. d4 d5 2. c4 e6 3. Nf3 Nf6 4. g3 Be7 5. Bg2 Ne4 6. Nc3 f5 7. Qc2 c6 8. Rb1 {[%emt 0:04:28] White is slightly better.} a5 9. O-O Nd7 10. a3 O-O 11. Nd2 Bf6 12. Ndxe4 fxe4 13. Rd1 Nb6 14. c5 Nd7 15. Bf4 (15. Be3 $11 {is superior.}) 15... Qe8 16. Bd6 Be7 17. Bxe7 Qxe7 18. f3 e5 19. Na4 (19. fxe4 $11 exd4 20. Na4) 19... exf3 $1 $15 20. exf3 exd4 {[%emt 0:00:07] White must now prevent ...Ne5.} 21. Rxd4 {[%emt 0:00:30] [#]} Ne5 $1 $36 {[%emt 0:02:20][%mdl 2048] Black is on the roll. Black converts the advantage convincingly.} 22. Qe2 Qf6 23. Rf4 Bf5 24. g4 (24. Bh3 $17 g6 25. Bxf5 gxf5 (25... g5 $2 26. Bxh7+ Kxh7 27. Rxf6 $18) 26. Nc3) 24... Bd3 $1 $19 25. Rxf6 Bxe2 26. Rxf8+ Rxf8 27. Re1 Nxf3+ 28. Bxf3 Bxf3 {[%emt 0:00:05][%mdl 4096] Endgame. KRB-KRN} 29. Re7 (29. h3 $142) 29... Bxg4 {[%emt 0:00:33] Strongly threatening ...Bh3.} 30. h4 Rd8 {[%emt 0:03:09] ...d4 would now be deadly.} 31. Kf2 Rd7 32. Re8+ Kf7 33. Rb8 Kg6 34. Nb6 Re7 35. Kg3 Kh5 36. a4 (36. b4 $142) 36... h6 37. Rg8 Rf7 38. Ra8 Rf3+ 39. Kg2 Kxh4 {[%emt 0:00:11] [#] ( -> ...Rf6)} 40. Rxa5 Rf4 {[%emt 0:00:24] Weighted Error Value: White=0.55/Black=0.09 (flawless) .  Mistake:       	White=5     	---        Inaccurate:     	White=6     	Black=2      OK:         	White=10    	Black=9      Best:        	White=1     	Black=5      Strong:       	---       	Black=3} 0-1

[Event "Baku Open 2024"]
[Site "Baku"]
[Date "2024.07.07"]
[Round "9.10"]
[White "Ibrahimli, Murad"]
[Black "Shyam, Sundar M."]
[Result "0-1"]
[ECO "E11"]
[WhiteElo "2400"]
[BlackElo "2493"]
[Annotator "RC"]
[PlyCount "78"]
[EventDate "2024.06.29"]
[EventType "swiss"]
[EventCountry "AZE"]
[SourceTitle "playchess.com"]
[Source "ChessBase"]
[SourceQuality "1"]
[TimeControl "5400+30"]

1. d4 Nf6 2. c4 e6 3. Nf3 Bb4+ 4. Nbd2 O-O 5. a3 Be7 6. e4 d6 7. Bd3 Nfd7 8. b4 e5 9. d5 a5 10. Rb1 Na6 11. O-O g6 12. Rb3 axb4 13. axb4 c5 14. dxc6 bxc6 15. Re1 c5 16. b5 Nb4 17. Bf1 Nb6 18. Ba3 Be6 19. Qb1 Qc7 20. h4 Ra4 21. Ng5 Bd7 22. Rc1 Rfa8 23. Rcc3 Qd8 24. Ngf3 R8a7 25. g3 Qa8 26. Bxb4 cxb4 27. Rxb4 Ra1 28. Qd3 Na4 29. Ra3 Nc5 30. Rxa7 Qxa7 31. Qe3 Ra3 32. Qh6 f6 33. b6 Qb7 34. Nb1 Rxf3 35. Be2 Rb3 36. Rxb3 Nxb3 37. Nc3 Be6 38. h5 Bf8 39. Qe3 Nc5 0-1

[Event "Baku Open 2024"]
[Site "Baku"]
[Date "2024.07.07"]
[Round "9.11"]
[White "Pranav Vijay"]
[Black "Mamedov, Edgar"]
[Result "1-0"]
[ECO "A07"]
[WhiteElo "2252"]
[BlackElo "2410"]
[Annotator "TA"]
[PlyCount "53"]
[EventDate "2024.06.29"]
[EventType "swiss"]
[EventCountry "AZE"]
[SourceTitle "playchess.com"]
[Source "ChessBase"]
[SourceQuality "1"]
[TimeControl "5400+30"]

1. Nf3 d5 2. g3 b6 3. Bg2 Bb7 4. c4 dxc4 5. Na3 e6 6. Nxc4 Nd7 7. O-O Ngf6 8. Nce5 {[%emt 0:00:14][%cal Oe5f7] Black must now prevent Nxf7! White is slightly better.} Qc8 9. d4 Bd6 10. Nc4 ({White should try} 10. Bg5 $14) 10... Be7 11. Bf4 Nd5 12. Bd2 O-O 13. Rc1 c5 14. dxc5 Nxc5 {[%emt 0:00:23] [#]} (14... bxc5 $14 15. Re1 N5f6) 15. b4 $1 $16 Ne4 {[%emt 0:00:53][%cal Oe4d2] [#]} 16. Nxb6 $1 axb6 (16... Qxc1 17. Bxc1) 17. Rxc8 Rfxc8 18. Ne5 Nxd2 {[%emt 0:06:43] [#]} 19. Bxd5 $1 Bxd5 20. Qxd2 Rxa2 21. Qf4 f5 22. Nd7 Bd8 (22... Rcc2 23. Nxb6 Be4) 23. e4 $18 {[%emt 0:03:01][%cal Be2e4,Be4f5,Bf5e6][%mdl 32] White is clearly winning.} Bc4 (23... Bc7 $142) 24. Rc1 Raa8 25. exf5 Bd5 26. Rxc8 Rxc8 27. fxe6 {[%emt 0:00:11] Weighted Error Value: White=0.08 (flawless) /Black=0.51.  Mistake:       	White=1     	Black=3      Inaccurate:     	White=1     	Black=3      OK:         	White=9     	Black=3      Best:        	White=1     	---        Strong:       	White=2     	---        Brilliant:      	White=1     	---} 1-0